 Dungeon Crawl Stone Soup version 0.31-a0-360-gb3e1d13bf4 (webtiles) character file.

Game seed: 1228903175901224976

56 pokeman the Magician (level 3, 0/20 HPs)
             Began as a Deep Elf Hedge Wizard on July 26, 2023.
             Succumbed to an adder's poison
             ... on level 2 of the Dungeon.
             The game lasted 00:03:18 (2474 turns).

pokeman the Magician (Deep Elf Hedge Wizard)        Turns: 2474, Time: 00:03:19

Health: 0/20       AC:  2    Str:  7    XL:     3   Next: 71%
Magic:  1/11       EV: 12    Int: 20    God:
Gold:   80         SH:  0    Dex: 14    Spells: 4/12 levels left

rFire   . . .        a - +0 dagger
rCold   . . .        (no shield)
rNeg    . . .        b - +0 robe
rPois   .            c - +0 hat
rElec   .            (no cloak)
rCorr   .            (no gloves)
SInv    .            (no boots)
Will    .....        (no amulet)
Stlth   ++           (no ring)
HPRegen 0.23/turn    (no ring)
MPRegen 0.12/turn

%: no passive effects
@: lethally poisoned (0 -> -6)
A: no striking features
a: no special abilities


You were on level 2 of the Dungeon.
You visited 1 branch of the dungeon, and saw 2 of its levels.

You collected 80 gold pieces.

Inventory:

Hand Weapons
 a - a +0 dagger (weapon)
Armour
 b - a +0 robe (worn)
 c - a +0 hat (worn)
Jewellery
 i - a ring of fire
Scrolls
 f - 2 scrolls of revelation {unknown}
 g - a scroll of identify {unknown}
 h - a scroll of immolation {unknown}
 j - a scroll of noise {unknown}
Potions
 d - a potion of magic
 e - 3 potions of curing {unknown}


   Skills:
 - Level 1.0 Fighting
 - Level 1.0 Armour
 + Level 2.4 Dodging
 + Level 2.4 Stealth
 * Level 5.3 Spellcasting
 + Level 2.0 Conjurations
 - Level 1.1 Summonings
 - Level 1.1 Translocations


You had 4 spell levels left.
You knew the following spells:

 Your Spells              Type           Power      Damage    Failure   Level
a - Magic Dart            Conj           52%        1d5       4%          1
b - Mephitic Cloud        Conj/Pois/Air  8%         N/A       26%         3
c - Call Imp              Summ           18%        N/A       11%         2
d - Blink                 Tloc           18%        N/A       11%         2

Your spell library contained the following spells:

 Spells                   Type           Power      Damage    Failure   Level
 Slow                     Hex            20%        N/A       11%         1
 Cigotuvi's Dreadful Rot  Necr/Pois/Air  10%        N/A       17%         2


Dungeon Overview and Level Annotations

Branches:
Dungeon (2/15)

Altars:
Nemelex Xobeh

Shops:
D:1 *


Message History

The dart slug appears confused.
The dart slug closely misses the adder.
The dart slug bites itself.
Unknown command.
You bump into the rock wall.
You are engulfed in noxious fumes.
You choke on the stench!
You are more confused.
You feel sick.
The adder is engulfed in noxious fumes.
The adder appears confused.
The adder bites the dart slug.
Unknown command.
You closely miss the adder.
The adder is severely wounded.
You feel sick.
You are no longer poisoned.
The adder is engulfed in noxious fumes.
The adder appears confused.
The adder closely misses you.
The adder is engulfed in noxious fumes.
The adder appears confused.
The adder barely misses you.
You completely miss the adder.
The adder is severely wounded.
The adder bites you but does no damage.
The dart slug bites itself.
Unknown command.
Found a scale mail.
The adder bites the dart slug.
The dart slug is killed!
You feel less confused.
The adder barely misses something.
Your magical contamination has completely faded away.
You hit the adder but do no damage.
The adder is severely wounded.
The adder bites you.
* * * LOW HITPOINT WARNING * * *
Unknown command.
You hit the adder.
The adder is almost dead.
The adder bites you.
* * * LOW HITPOINT WARNING * * *
You are lethally poisoned!
The adder poisons you!
Unknown command.
You hit the adder.
The adder is almost dead.
You die...

##.###........######
#.#>#.#####..## .....##
##.# ###### #.# # ##+#
##### ##...## ....#
##.....######..# ##..#
##..............[
#...####........@####..##
.......+.........ShSh†.!#
#...####......)..##h...#.
##..# #.......###.#.##
##.# ##.............. #.#
##...#####.... . #.#
##'## ## ###.# #.# ....#
#.#


You could see 2 adders and 3 jackals.

Vanquished Creatures
  An adder (D:2)
  A worm (D:2)
  2 dart slugs
  4 ball pythons (D:1)
  3 bats
  4 endoplasms (D:1)
  2 giant cockroaches (D:1)
  2 goblins (D:1)
  5 hobgoblins
  A jackal (D:2)
  2 quokkas (D:2)
  3 frilled lizards (D:1)
  4 kobolds
  6 rats
40 creatures vanquished.

Notes
Turn   | Place    | Note
-------+----------+-------------------------------------------
     0 | D:1      | pokeman the Deep Elf Hedge Wizard began the quest for the
                  | Orb.
     0 | D:1      | Reached XP level 1. HP: 10/10 MP: 7/7
   290 | D:1      | Reached XP level 2. HP: 16/16 MP: 7/9
   414 | D:1      | Found Ossax Oge's Assorted Antiques.
  1018 | D:1      | Reached skill level 5 in Spellcasting
  1269 | D:1      | Reached XP level 3. HP: 20/20 MP: 9/11
  1273 | D:1      | Learned a level 3 spell: Mephitic Cloud
  1276 | D:1      | Learned a level 2 spell: Call Imp
  1279 | D:1      | Learned a level 2 spell: Blink
  2023 | D:2      | Found a sparkling altar of Nemelex Xobeh.
  2449 | D:2      | Reached skill level 1 in Fighting
  2455 | D:2      | Reached skill level 1 in Armour
  2474 | D:2      | Succumbed to an adder's poison

Illustrated notes

Levels and vault maps discovered:
D:1:      lightli_arrival_statue_moat, layout_basic, serial_shops,
          nicolae_square_shop, kennysheep_small_spiral
D:2:      layout_loops_corners, basic_altar, minmay_tall_x

Skill      XL: |  1  2  3 |
---------------+----------+-----
Spellcasting   | 5 |  5.3
Conjurations   | 2 |  2.0
Fighting       | 1 |  1.0
Armour         | 1 |  1.0
Dodging        | |  2.4
Stealth        | |  2.4
Summonings     | |  1.1
Translocations | |  1.1

Action                     || total
---------------------------++-------
  Melee: Dagger            ||    15
   Cast: Magic Dart        ||   101
         Mephitic Cloud    ||     1
 Armour: Robe              ||     5
  Dodge: Dodged            ||    18

Table legend: (Time is in decaauts)
 A = Elapsed time spent in this place.
 B = Non-inter-level travel time spent in this place.
 C = Inter-level travel time spent in this place.
 D = Time resting spent in this place.
 E = Time spent auto-exploring this place.
 F = Levels seen in this place.
 G = Mean time per level.
                   A        B        C        D        E       F      G
               +--------+--------+--------+--------+--------+-----+--------+
         Total |   2473 |   2467 |      6 |      0 |   2256 |   2 | 1236.5 |
       Dungeon |   2473 |   2467 |      6 |      0 |   2256 |   2 | 1236.5 |
               +--------+--------+--------+--------+--------+-----+--------+

Top non-repeatable levels by time:
     D:1: 1436 daAuts
     D:2: 1037 daAuts
